 Dungeon Crawl Stone Soup version 0.31.0-32-g396128a36d (webtiles) character file.

Game seed: 16880170458433503678

6265 Alphaeus the Grappler (level 10, 0/98 HPs)
             Began as a Troll Shapeshifter on Mar 19, 2024.
             Was an Initiate of Gozag.
             Slain by a killer bee (8 damage)
             ... on level 9 of the Dungeon.
             The game lasted 00:09:45 (6580 turns).

Alphaeus the Grappler (Troll Shapeshifter)          Turns: 6580, Time: 00:09:46

Health: 0/98       AC:  5    Str: 28    XL:     10   Next: 62%
Magic:  9/9        EV:  9    Int:  6    God:    Gozag
Gold:   1774       SH:  5    Dex:  9    Spells: 9/9 levels left

rFire   . .          .
                       - Unarmed
rCold   . . .        (no shield)
rNeg    . . .        D - +1 robe "Maih" {rElec}
rPois   +            (helmet currently unavailable)
rElec   +            (cloak currently unavailable)
rCorr   .            (gloves unavailable)
SInv    +            (boots unavailable)
Will    .....        u - amulet of reflection
Stlth   +            j - ring of poison resistance
HPRegen 1.16/turn    w - ring of see invisible
MPRegen 0.11/turn

%: reflection
@: lethally poisoned (0 -> 0), beast-form
A: beast (slay +4), large, unfitting armour, claws 3, regeneration 1, shaggy fur
1, tough skin 1
a: Begin Untransformation, Renounce Religion, Potion Petition, Call Merchant,
Bribe Branch


You were on level 9 of the Dungeon.
You worshipped Gozag.
Gozag was most pleased with you.
You were a hulking beast.
You visited 2 branches of the dungeon, and saw 11 of its levels.
You also visited: Bailey.

You collected 1973 gold pieces.
You spent 115 gold pieces at shops.
You paid 84 gold pieces to Gozag.

Inventory:

Missiles
 v - 12 boomerangs (quivered)
Armour
 a - a +0 animal skin
 D - the +1 robe "Maih" (worn) {rElec}
   (You found it on level 5 of the Dungeon)

   rElec:     It insulates you from electricity.
 J - a +2 hat
Jewellery
 j - a ring of poison resistance (left claw)
 u - an amulet of reflection (around neck)
 w - a ring of see invisible (right claw)
 y - a ring of ice
 E - a +6 ring of dexterity
 I - an amulet of magic regeneration
Talismans
 c - a beast talisman
 d - a flux talisman
Wands
 f - a wand of polymorph (4)
 r - a wand of paralysis (21)
Scrolls
 e - a scroll of revelation
 g - a scroll of fear {unknown}
 h - 3 scrolls of noise {unknown}
 i - 6 scrolls of identify
 l - 2 scrolls of blinking
 n - 2 scrolls of brand weapon {unknown}
 p - 4 scrolls of teleportation {unknown}
 s - a scroll of acquirement {unknown}
 t - a scroll of silence {unknown}
 x - a scroll of fog {unknown}
 z - 3 scrolls of enchant armour {unknown}
 A - a scroll of poison {unknown}
 B - 4 scrolls of immolation {unknown}
 C - 2 scrolls of summoning {unknown}
 G - a scroll of amnesia {unknown}
Potions
 b - 3 potions of lignification
 k - a potion of enlightenment {unknown}
 m - 3 potions of brilliance
 q - a potion of haste
 F - a potion of curing
 H - a potion of resistance
Miscellaneous
 o - a lightning rod (4/4)


   Skills:
 + Level 6.0 Fighting
 - Level 1.5 Dodging
 * Level 10.7 Unarmed Combat
 * Level 10.0 Shapeshifting


You had 9 spell levels left.
You didn't know any spells.
Your spell library contained the following spells:

 Spells                   Type           Power      Damage    Failure   Level
 Foxfire                  Conj/Fire      0%         2x1d4     45%         1
 Fugue of the Fallen      Necr           0%         N/A       83%         3
 Ozocubu's Armour         Ice            0%         N/A       83%         3
 Manifold Assault         Tloc           0%         N/A       99%         4
 Plasma Beam              Fire/Air       0%         2x1d10    100%        6
 Starburst                Conj/Fire      0%         6d3       100%        6


Dungeon Overview and Level Annotations

Branches:
Dungeon (10/15)            Temple (1/1) D:4          Bailey (visited)
   Lair: D:8-11         Orc: D:9-12

Altars:
Ashenzari
Cheibriados
Dithmenos
Elyvilon
Fedhas
Gozag
Hepliaklqana
Kikubaaqudgha
Makhleb
Nemelex Xobeh
Okawaru
Ru
Sif Muna
Trog
Uskayaw
Vehumet
Wu Jian
Xom
Yredelemnul
Zin
The Shining One

Shops:
D:2 *   D:4 ?   D:8 (

Annotations:
D:3 3 runed translucent doors, PaiMei's ghost, amateur TeAE
D:6 1 runed translucent door, Alphaeus's ghost, novice TrSh


Innate Abilities, Weirdness & Mutations

You are a hulking beast.
Your limbs bulge with bestial killing power. (Slay +4)
You are too large for most types of armour.
You have claws for hands.
Your natural rate of healing is unusually fast.
You are covered in fur. (AC +1)
You have tough skin. (AC +1)


Message History

You feel sick.
You feel sick.
The killer bee buzzes angrily.
You hear an angry buzzing noise.
The killer bee is distracted by your dazzling golden aura.
The killer bee buzzes angrily.
You feel sick.
The killer bee is no longer distracted by gold.
The acid dragon is distracted by your dazzling golden aura.
You feel sick.
The killer bee attacks as it pursues you!
You block the killer bee's attack. The killer bee completely misses you.
You see here 17 gold pieces.
You feel sick.
You are no longer poisoned.
The killer bee stings you! The bullfrog hits you.
There is a stone staircase leading up, spattered with blood here.
The killer bee stings you but does no damage.
The bullfrog hits you. The killer bee barely misses you.
The killer bee stings you!
* * * LOW HITPOINT WARNING * * *
You are poisoned.
The killer bee poisons you!
You climb upwards.
You feel sick.
There is a stone staircase leading down here.
You closely miss the killer bee.
You feel sick.
The killer bee closely misses you. x2; The bullfrog hits you.
* * * LOW HITPOINT WARNING * * *
The killer bee closely misses you. The killer bee completely misses you.
You claw the killer bee!
The killer bee is moderately wounded.
You feel sick. The bullfrog closely misses you. The killer bee stings you!
* * * LOW HITPOINT WARNING * * *
The killer bee misses you. The bullfrog closely misses you.
You miss the killer bee. Your claw misses the killer bee.
The killer bee is moderately wounded.
You feel sick. The killer bee stings you!
* * * LOW HITPOINT WARNING * * *
The killer bee stings you!
You die...
Your body crumbles into a pile of gold.

##### #...###
############...##.
#hy............##.
#Fy..####.#.....#.
###.....#.##......
#..#....####.#.#
#..#########.#.#
#...............
#.##.##.####....
#....##.######.#
#######.#.#.....


You could see a bullfrog and 2 killer bees.

Vanquished Creatures
  Prince Ribbit (D:7)
  A spriggan (D:9)
  10 yaks
  Eustachio (D:4)
  2 steam dragons
  3 water moccasins
  5 orc warriors
  2 ice beasts
  2 black bears
  A sky beast (D:7)
  2 ogres
  2 centaurs
  5 kobold brigands (Bailey)
  2 phantoms
  2 bullfrogs
  2 scorpions
  5 wights (D:8)
  10 killer bees
  A bombardier beetle (D:7)
  A lava snake (D:8)
  4 hounds
  3 jellies
  7 orc priests
  2 gnoll boudas
  A sleepcap (D:6)
  An iguana (D:5)
  7 orc wizards
  15 gnolls
  5 adders
  A white imp (D:7)
  2 ufetubi (D:5)
  4 dart slugs
  5 ribbon worms
  20 orcs
  6 ball pythons
  7 bats
  7 endoplasms
  3 giant cockroaches
  11 goblins
  5 hobgoblins
  4 jackals (D:3)
  16 kobolds
  4 quokkas
  5 frilled lizards
205 creatures vanquished.

Notes
Turn   | Place    | Note
-------+----------+-------------------------------------------
     0 | D:1      | Alphaeus the Troll Shapeshifter began the quest for the
                  | Orb.
     0 | D:1      | Reached XP level 1. HP: 18/18 MP: 0/0
    29 | D:1      | Found a faded altar of an unknown god.
   100 | D:1      | Reached skill level 1 in Fighting
   103 | D:1      | Reached XP level 2. HP: 25/27 MP: 1/1
   635 | D:2      | Found Jionlemale's Assorted Antiques.
   658 | D:2      | Reached XP level 3. HP: 33/33 MP: 2/2
  1002 | D:2      | Reached XP level 4. HP: 22/41 MP: 3/3
  1303 | D:3      | Found a burning altar of Makhleb.
  1310 | D:3      | Noticed a green death
  1314 | D:3      | Noticed an orange demon
  1314 | D:3      | Noticed a smoke demon
  1330 | D:3      | Found a runed translucent gate.
  1331 | D:3      | Found a runed translucent gate.
  1332 | D:3      | Found a runed translucent gate.
  1334 | D:3      | Noticed PaiMei's ghost (amateur TeAE)
  1619 | D:4      | Reached XP level 5. HP: 46/49 MP: 4/4
  1655 | D:4      | Found a staircase to the Ecumenical Temple.
  1715 | Temple   | Entered the Ecumenical Temple
  1728 | Temple   | Became a worshipper of Gozag Ym Sagoz the Greedy
  1777 | D:4      | Noticed Eustachio
  1778 | D:4      | Noticed a phantom
  1786 | D:4      | Killed a phantom
  1800 | D:4      | Killed Eustachio
  1801 | D:4      | Reached skill level 5 in Unarmed Combat
  1801 | D:4      | Reached XP level 6. HP: 11/58 MP: 5/5
  1874 | D:4      | Found Igyf's Magic Scroll Shoppe.
  1886 | D:4      | Reached skill level 5 in Shapeshifting
  1901 | D:4      | Bought a scroll of identify for 20 gold pieces
  1901 | D:4      | Bought a scroll of blinking for 75 gold pieces
  1901 | D:4      | Bought a scroll of identify for 20 gold pieces
  2007 | D:4      | Identified the staff of Luxury {rC+ Will- rCorr Str+5 Ice
                  | Earth}
  2437 | D:5      | Entered Level 5 of the Dungeon
  2467 | D:5      | Reached XP level 7. HP: 25/66 MP: 6/6
  2846 | D:5      | Identified the +1 robe "Maih" {rElec}
  3378 | D:6      | Found a runed translucent door.
  3379 | D:6      | Noticed Alphaeus's ghost (novice TrSh)
  3461 | D:6      | Reached XP level 8. HP: 75/75 MP: 7/7
  3827 | D:7      | Noticed Prince Ribbit
  3839 | D:7      | Killed Prince Ribbit
  4159 | D:7      | Reached XP level 9. HP: 78/85 MP: 8/8
  4849 | D:8      | Found a hazy altar of Hepliaklqana.
  4853 | D:8      | Found Nuger's Hydra Hut.
  4853 | D:8      | Noticed a five-headed hydra
  4924 | D:8      | Found a flagged portal.
  4948 | Bailey   | Entered a bailey
  5052 | Bailey   | Reached skill level 5 in Fighting
  5086 | Bailey   | Found an iron altar of Okawaru.
  5225 | D:8      | Found a bloodstained altar of Trog.
  5618 | D:8      | Found a snail-covered altar of Cheibriados.
  5829 | D:9      | Reached XP level 10. HP: 87/96 MP: 9/9
  5856 | D:9      | Reached skill level 10 in Unarmed Combat
  6309 | D:9      | Found a sparkling altar of Nemelex Xobeh.
  6476 | D:10     | Entered Level 10 of the Dungeon
  6570 | D:10     | Reached skill level 10 in Shapeshifting
  6580 | D:9      | Slain by a killer bee

Illustrated notes

Levels and vault maps discovered:
D:1:      lightli_arrival_maybe_door_vault, layout_basic,
          ebering_ecumenical_altar_hall
D:2:      layout_loops_cross, serial_shops, shop, kennysheep_generic_room_6
D:3:      layout_rooms, makhleb_altar_promises_db, gammafunk_ghost_necromancy,
          columned_hall_lemuel
D:4:      layout_basic, minmay_temple_entry_large_hall, serial_shops, shop,
          minmay_fractal_squares_gapless_5, uniq_eustachio
D:5:      layout_cave_pools
D:6:      layout_basic, ebering_ghost_reflecting_pool
D:7:      layout_cave_pods, uniq_prince_ribbit1
D:8:      layout_loops_cross, mainiacjoe_overflow_catch_the_wave,
          kennysheep_slug_shrine, enter_bailey_3, doesnt_shop_hydraphobe
D:9:      layout_basic, mainiacjoe_overflow_small_starburst, the_hattery
D:10:     layout_cross, mainiacjoe_overflow_boulevard,
          due_lair_maze_entry_diamond, minmay_crystal_room, uniq_sonja
Temple:   eino_temple_scatter_basement

Skill      XL: |  1  2  3  4  5  6  7  8  9 10 |
---------------+-------------------------------+-----
Fighting       | 1 2 3 4 5 6 |  6.0
Unarmed Combat | 4 5 6 8 9 10 | 10.7
Shapeshifting  | 4 5 6 7 9 10 | 10.0
Dodging        | |  1.5

Action                     |  1- 3 |  4- 6 |  7- 9 | 10-12 || total
---------------------------+-------+-------+-------+-------++-------
  Melee: Unarmed           |    62 |   131 |   241 |   106 ||   540
         Punch             |     2 |     3 |    10 |     9 ||    24
    Use: Scroll            |       |       |     2 |       ||     2
         Potion            |       |       |    11 |       ||    11
   Stab: Sleeping          |       |     1 |       |       ||     1
         Distracted        |       |       |     2 |       ||     2
 Armour: Animal skin       |    37 |   108 |    54 |       ||   199
         Robe              |       |       |   120 |    93 ||   213
         Skin              |       |       |    17 |       ||    17
  Dodge: Dodged            |    33 |    62 |   111 |    46 ||   252
  Block: Other             |       |    23 |    56 |    22 ||   101
         Reflection        |       |       |     9 |       ||     9
